AoeStats
← ME_DEPRIME_JUGAR_CON_USTEDES

Arena

507950296Analyzed
4v4 RM · 11d ago on Sep 20, 2026· 85m 4s· 8 players
Game mode
Random Map
Map size
Large (8 player)
Population
200
Speed
Normal
Resources
Standard
Victory
Conquest
Starting age
Dark Age
Ending age
Imperial Age
RankedLock teamsTeams togetherTeam positionsShared explorationLock speedFull tech treeHidden civsTurbo modeCheats
Victory
Defeat
🇨🇳 Vikings · China
1741
+14
🇯🇵 Dravidians · Japan
1703
+16
🇹🇼 Romans · Taiwan
1642
+18
🇨🇳 Chinese · China
1639
+18
🇮🇹 Mapuche · Italy
1756
-19
🇮🇹 Japanese · Italy
1734
-18
🇮🇹 Mongols · Italy
1681
-16
1599
-13
张宇腾
0:26 Loom
11:05 Feudal Age
15:11 Castle Age
13:21 Double-Bit Axe
13:42 Horse Collar
16:13 Bow Saw
16:05 Heavy Plow
22:48 Wheelbarrow
23:12 Gold Mining
23:32 Stone Mining
24:20 Hand Cart
25:04 Gold Shaft Mining
26:01 Stone Shaft Mining
28:37 Imperial Age
26:06 Town Watch
27:12 Scale Mail Armor
27:32 Forging
28:30 Chain Mail Armor
28:21 Squires
28:07 Arson
29:14 Ballistics
28:48 Fletching
28:59 Padded Archer Armor
28:43 Elite Fire Lancer
28:47 Elite Skirmisher
30:04 Bodkin Arrow
30:24 Thumb Ring
31:23 Conscription
32:12 Plate Mail Armor
32:18 Iron Casting
31:45 Bracer
33:05 Chemistry
32:05 Heavy Rocket Cart
34:41 Rocketry
33:45 Pikeman
34:18 Halberdier
35:23 Capped Ram
36:17 Siege Ram
41:32 Blast Furnace
43:15 Coinage
46:45 Banking
47:06 Fortified Wall
48:26 Scale Barding Armor
48:17 Light Cavalry
49:09 Bloodlines
48:59 Husbandry
49:28 Chain Barding Armor
54:31 Plate Barding Armor
76:59 Man-at-Arms
77:50 Long Swordsman
78:36 Padded Archer Armor
79:00 Two-Handed Swordsman
happy gay
8:30 Feudal Age
9:17 Loom
10:06 Fletching
12:43 Double-Bit Axe
12:41 Horse Collar
17:05 Town Watch
22:07 Castle Age
23:14 Bow Saw
23:05 Heavy Plow
24:44 Wheelbarrow
29:50 Gold Mining
33:31 Imperial Age
31:19 Hand Cart
33:45 Imperial Age
32:19 Bodkin Arrow
32:39 Padded Archer Armor
32:35 Stone Mining
33:55 Leather Archer Armor
35:58 Chemistry
34:59 Bracer
34:21 Elite Elephant Archer
35:07 Thumb Ring
35:37 Ballistics
35:48 Ring Archer Armor
36:17 Conscription
36:10 Husbandry
38:14 Two-Man Saw
39:43 Siege Elephant
41:10 Scale Mail Armor
41:20 Forging
43:07 Medical Corps
43:40 Hoardings
44:19 Man-at-Arms
44:44 Gambesons
45:00 Squires
44:45 Arson
45:17 Chain Mail Armor
44:50 Long Swordsman
46:42 Elite Skirmisher
47:04 Two-Handed Swordsman
47:49 Caravan
48:27 Champion
52:55 Iron Casting
52:53 Plate Mail Armor
52:58 Iron Casting
56:45 Guilds
56:50 Guilds
58:17 Bombard Tower
58:07 Masonry
59:17 Pikeman
59:50 Halberdier
61:05 Coinage
61:59 Elite Urumi Swordsman
62:31 Elite Urumi Swordsman
65:34 Wootz Steel
70:33 Scale Barding Armor
81:07 Banking
82:58 Murder Holes
鼠條
11:23 Feudal Age
12:00 Double-Bit Axe
14:52 Castle Age
12:35 Horse Collar
16:29 Wheelbarrow
18:19 Bow Saw
19:50 Hand Cart
20:17 Heavy Plow
20:24 Stone Mining
21:54 Gold Mining
23:29 Gold Shaft Mining
24:23 Scale Barding Armor
24:28 Forging
24:18 Town Watch
25:00 Loom
25:04 Pikeman
25:46 Squires
26:26 Masonry
28:48 Imperial Age
27:04 Scale Mail Armor
27:39 Iron Casting
29:23 Ballistas
29:27 Halberdier
31:09 Blast Furnace
30:24 Chain Mail Armor
32:32 Chemistry
31:53 Ballistics
32:06 Conscription
32:16 Heavy Scorpion
32:33 Capped Ram
33:54 Siege Ram
34:50 Fletching
35:58 Coinage
35:38 Guilds
35:56 Elite Centurion
37:02 Chain Barding Armor
46:23 Banking
46:20 Comitatenses
47:57 Plate Barding Armor
49:35 Light Cavalry
50:25 Bloodlines
50:15 Husbandry
56:05 Caravan
56:47 Crop Rotation
67:47 Siege Engineers
68:12 Architecture
儒门大吊-日食
10:46 Feudal Age
14:32 Castle Age
12:32 Double-Bit Axe
13:17 Horse Collar
20:13 Bow Saw
20:20 Gold Mining
22:41 Gold Shaft Mining
23:27 Stone Mining
26:36 Imperial Age
24:18 Fletching
24:53 Ballistics
24:07 Crossbowman
25:12 Bodkin Arrow
26:31 Padded Archer Armor
26:50 Heavy Plow
26:57 Loom
27:28 Bracer
28:29 Chemistry
27:19 Arbalester
29:03 Two-Man Saw
29:00 Leather Archer Armor
30:17 Crop Rotation
29:25 Elite Skirmisher
31:18 Ring Archer Armor
30:49 Scale Mail Armor
30:59 Forging
31:19 Conscription
32:06 Siege Engineers
33:19 Onager
36:17 Masonry
35:37 Pikeman
36:18 Squires
36:30 Town Watch
37:00 Guard Tower
36:56 Arrowslits
37:57 Chain Mail Armor
47:32 Capped Ram
48:43 Siege Ram
64:59 Fortified Wall
65:20 Architecture
77:25 Treadmill Crane
77:42 Murder Holes
78:33 Plate Mail Armor
78:38 Iron Casting
81:30 Blast Furnace
81:39 Man-at-Arms
82:04 Gambesons
82:47 Caravan
85:24 Chieftains
Cagata Sonante
11:02 Feudal Age
14:53 Castle Age
13:06 Double-Bit Axe
13:12 Horse Collar
15:39 Heavy Plow
15:51 Bow Saw
19:29 Wheelbarrow
20:02 Fletching
20:23 Padded Archer Armor
23:01 Ballistics
22:51 Bodkin Arrow
24:21 Leather Archer Armor
27:21 Hand Cart
26:53 Loom
31:07 Imperial Age
30:18 Masonry
32:09 Coinage
32:13 Conscription
31:56 Malon
32:16 Butalmapu
32:02 Elite Genitour
33:46 Chemistry
33:29 Ring Archer Armor
32:56 Elite Bolas Rider
35:44 Forging
36:12 Hoardings
36:13 Banking
35:45 Caravan
37:54 Elite Genitour
45:42 Architecture
45:53 Iron Casting
ME_DEPRIME_JUGAR_CON_USTEDES
10:16 Feudal Age
14:21 Castle Age
12:48 Double-Bit Axe
12:51 Horse Collar
20:11 Bow Saw
23:44 Gold Mining
26:39 Wheelbarrow
26:36 Heavy Plow
31:17 Imperial Age
30:05 Scale Barding Armor
29:51 Town Watch
30:49 Kasbah
31:30 Chain Barding Armor
31:38 Bloodlines
31:38 Light Cavalry
33:04 Gold Shaft Mining
32:19 Stone Mining
32:19 Onager
33:22 Husbandry
35:12 Chemistry
34:56 Plate Barding Armor
35:14 Hussar
35:47 Loom
37:52 Conscription
38:53 Siege Engineers
39:09 Ballistics
39:13 Forging
44:05 Fletching
44:47 Hand Cart
45:41 Iron Casting
60:21 Capped Ram
63:18 Blast Furnace
63:03 Bodkin Arrow
62:56 Elite Skirmisher
63:38 Padded Archer Armor
66:11 Bracer
72:03 Leather Archer Armor
74:14 Crop Rotation
78:23 Scale Mail Armor
Dott_Berlu
9:01 Loom
11:17 Feudal Age
12:00 Double-Bit Axe
11:55 Horse Collar
12:57 Fletching
21:48 Castle Age
22:44 Bow Saw
22:35 Heavy Plow
23:14 Wheelbarrow
25:05 Town Watch
28:32 Gold Mining
30:07 Stone Mining
30:11 Guard Tower
30:52 Bodkin Arrow
31:19 Ballistics
32:04 Yasama
33:01 Fortified Wall
36:57 Imperial Age
37:38 Gold Shaft Mining
38:16 Keep
38:42 Chemistry
37:27 Arrowslits
38:11 Hand Cart
37:45 Onager
38:24 Arrowslits
38:47 Bracer
39:01 Masonry
38:31 Treadmill Crane
39:40 Scale Mail Armor
39:51 Forging
39:57 Siege Engineers
41:28 Two-Man Saw
40:07 Pikeman
40:48 Squires
41:07 Chain Mail Armor
40:58 Halberdier
43:01 Plate Mail Armor
43:07 Iron Casting
45:08 Capped Ram
48:29 Blast Furnace
48:51 Man-at-Arms
49:17 Gambesons
49:18 Arson
49:57 Long Swordsman
51:13 Coinage
51:20 Two-Handed Swordsman
68:30 Banking
68:26 Elite Skirmisher
70:11 Caravan
70:44 Padded Archer Armor
71:56 Leather Archer Armor
71:05 Elite Genitour
75:40 Ring Archer Armor
Nheltarion
10:10 Feudal Age
13:54 Castle Age
12:33 Double-Bit Axe
12:51 Horse Collar
16:04 Bow Saw
21:29 Wheelbarrow
21:05 Heavy Plow
22:43 Hand Cart
27:54 Imperial Age
25:10 Loom
26:35 Gold Mining
26:35 Stone Mining
28:16 Gold Shaft Mining
28:01 Onager
29:21 Drill
29:21 Conscription
29:36 Siege Engineers
31:24 Chemistry
31:50 Heavy Scorpion
33:02 Ballistics
33:04 Siege Onager
34:17 Capped Ram
35:17 Siege Ram
37:44 Fletching
37:40 Town Watch
38:49 Bodkin Arrow
38:54 Padded Archer Armor
39:06 Masonry
39:28 Elite Mangudai
40:44 Hoardings
41:35 Bracer
41:51 Leather Archer Armor
43:28 Parthian Tactics
43:08 Thumb Ring
43:14 Bloodlines
43:04 Husbandry
46:16 Nomads
48:58 Murder Holes
50:11 Scale Barding Armor
49:28 Light Cavalry
54:24 Caravan
55:17 Chain Barding Armor
55:08 Forging
56:03 Hussar
61:00 Iron Casting
83:36 Blast Furnace
Connection lost

Rejoining the realm…

Still unreachable

The connection could not be restored.

Session expired

The server has moved on; the page needs a fresh start.